 Dungeon Crawl Stone Soup version 0.28-a0-1545-g945cd3f27e (webtiles) character file.

Game seed: 2307627318202948210

160 BritishOli the Chopper (level 5, 0/41 HPs)
             Began as a Demonspawn Gladiator on Jan 18, 2022.
             Killed from afar by Natasha (6 damage)
             ... with a magic dart
             ... on level 3 of the Dungeon.
             The game lasted 00:02:06 (1948 turns).

BritishOli the Chopper (Demonspawn Gladiator)       Turns: 1948, Time: 00:02:06

Health: 0/41       AC:  9    Str: 16    XL:     5   Next: 17%
Magic:  0/5        EV: 12    Int:  9    God:
Gold:   74         SH:  0    Dex: 15    Spells: 4/4 levels left

rFire   . . .      SeeInvis .   a - +0 war axe
rCold   . . .      Faith    .   (no shield)
rNeg    . . .      Spirit   +   b - +0 leather armour
rPois   .          Reflect  .   l - +5 helmet of Makhleb's Wrath {Rampage Will+}
rElec   .          Harm     .   (no cloak)
rCorr   .          Rampage  +   (no gloves)
Will    +....                   (no boots)
Stlth   +.........              e - amulet of guardian spirit
HPRegen 0.13/turn               (no ring)
MPRegen 0.09/turn               (no ring)

@: no status effects
A: foul stench 1, spiny 1
a: no special abilities


You were on level 3 of the Dungeon.
You visited 1 branch of the dungeon, and saw 3 of its levels.

You collected 74 gold pieces.

Inventory:

Hand Weapons
 a - a +0 war axe (weapon)
Missiles
 d - 3 throwing nets (quivered)
Armour
 b - a +0 leather armour (worn)
 l - the +5 helmet of Makhleb's Wrath (worn) {Rampage Will+}
   (You found it on level 3 of the Dungeon)

   Rampage:   It bestows one free step when moving towards enemies.
   Will:      It increases your willpower.
Jewellery
 e - an amulet of guardian spirit (around neck)
 m - a ring of resist corrosion
Scrolls
 g - a scroll of identify {unknown}
 h - a scroll of teleportation {unknown}
 i - 2 scrolls of vulnerability {unknown}
Potions
 c - a potion of resistance {unknown}
 f - 3 potions of curing {unknown}
 j - a potion of haste {unknown}
 k - a potion of heal wounds {unknown}


   Skills:
 + Level 3.0 Fighting
 + Level 3.4 Axes
 + Level 2.6 Throwing
 + Level 1.7 Armour
 + Level 3.3 Dodging


You had 4 spell levels left.
You didn't know any spells.
Your spell library was empty.

Dungeon Overview and Level Annotations

Branches:
Dungeon (3/15)

Altars:

Shops:
D:3 *

Annotations:
D:3 Natasha


Innate Abilities, Weirdness & Mutations

You may rarely emit foul miasma when damaged in melee.
You are partially covered in sharp spines.


Message History

Found a stone staircase leading up.
The endoplasm hits you but does no damage.
You slash the endoplasm!
You kill the endoplasm!
The white imp gestures at you. The puff of frost hits you! Natasha claws you.
The white imp gestures at you.
The puff of frost hits you but does no damage.
You barely miss Natasha. Natasha claws you! Natasha barely misses you.
You closely miss Natasha. You slash the white imp!
The white imp hits you but does no damage.
Natasha stares at you and mumbles some strange words.
The magic dart hits you.
You are too injured to fight recklessly!
You are too injured to fight recklessly!
You are too injured to fight recklessly!
You are too injured to fight recklessly!
Unknown command.
You are too injured to fight recklessly!
Unknown command.
You are too injured to fight recklessly!
You closely miss the white imp.
The white imp is severely wounded.
You slash Natasha! The white imp hits you. The white imp freezes you.
You emit a cloud of foul miasma!
Natasha is struck by your spines. Natasha misses you.
The white imp is struck by your spines.
The white imp hits you but does no damage.
You hit the white imp.
You kill the white imp!
You hit Natasha. Natasha claws you.
* * * LOW HITPOINT WARNING * * *
Natasha completely misses you.
Natasha stares at you and mumbles some strange words.
The magic dart hits you.
* * * LOW HITPOINT WARNING * * *
An adder comes into view.
Natasha casts a spell at you. The magic dart hits you.
You die...

#.......##'#.#####.......#
#+#####.##.#..........######
#.##.######.S..†.......
#.##.# #.#.......##. ..##.#
#.#.......# .. #.###
#.#...##### ##
##...<###.####.. .#.#
..........# .## .#.#
.......@°.# .# .#.#
........h## .. ##.#
.........# ##.# .........#
##.# ..(......# ##.#
.......... ##.# ..........
...# .........## .#.#


You could see Natasha.

Vanquished Creatures
  2 hounds (D:3)
  A jelly (D:3)
  A white imp (D:3)
  A worm (D:3)
  5 orcs (D:3)
  5 ball pythons
  4 endoplasms
  5 goblins
  5 hobgoblins
  11 jackals
  4 kobolds
  A quokka (D:3)
  A bat (D:3)
  A frilled lizard (D:1)
  4 rats
51 creatures vanquished.

Notes
Turn   | Place    | Note
-------+----------+-------------------------------------------
     0 | D:1      | BritishOli the Demonspawn Gladiator began the quest for the
                  | Orb.
     0 | D:1      | Reached XP level 1. HP: 16/16 MP: 1/1
   185 | D:1      | Gained mutation: You may rarely emit foul miasma when
                  | damaged in melee. [demonic ancestry]
   185 | D:1      | Reached XP level 2. HP: 11/22 MP: 2/2
  1357 | D:2      | Reached XP level 3. HP: 26/28 MP: 3/3
  1479 | D:2      | You fall into a shaft and drop 1 floor!
  1479 | D:3      | Found Tuokhyer's Assorted Antiques.
  1487 | D:3      | Identified the +5 helmet of Makhleb's Wrath {Rampage Will+}
  1561 | D:3      | Reached skill level 1 in Armour
  1563 | D:3      | Gained mutation: You are partially covered in sharp spines.
                  | [demonic ancestry]
  1563 | D:3      | Reached XP level 4. HP: 32/34 MP: 4/4
  1874 | D:3      | Reached XP level 5. HP: 40/40 MP: 5/5
  1939 | D:3      | Noticed Natasha
  1948 | D:3      | Killed from afar by Natasha

Illustrated notes

Levels and vault maps discovered:
D:1:      minmay_arrival_stone_box, layout_loops_ring
D:2:      layout_loops_ring, chequers_ecumenical_altar_simple, serial_shops,
          nicolae_shop_bloodbath_and_beyond
D:3:      layout_basic, serial_shops, shop, uniq_natasha

Skill      XL: |  1  2  3  4  5 |
---------------+----------------+-----
Throwing       | 2 |  2.6
Axes           | 3 |  3.4
Dodging        | 3 |  3.3
Armour         | 1 |  1.7
Fighting       | 3 |  3.0

Action                   |  1- 3 |  4- 6 || total
-------------------------+-------+-------++-------
Melee: War axe           |    88 |    31 ||   119
Armor: Leather armour    |    29 |    17 ||    46
Dodge: Dodged            |    72 |    16 ||    88

Table legend: (Time is in decaauts)
 A = Elapsed time spent in this place.
 B = Non-inter-level travel time spent in this place.
 C = Inter-level travel time spent in this place.
 D = Time resting spent in this place.
 E = Time spent auto-exploring this place.
 F = Levels seen in this place.
 G = Mean time per level.
                   A        B        C        D        E       F      G
               +--------+--------+--------+--------+--------+-----+--------+
         Total |   1990 |   1973 |     17 |      0 |   1656 |   3 |  663.3 |
       Dungeon |   1990 |   1973 |     17 |      0 |   1656 |   3 |  663.3 |
               +--------+--------+--------+--------+--------+-----+--------+

Top non-repeatable levels by time:
     D:1: 1349 daAuts
     D:3: 486 daAuts
     D:2: 155 daAuts
